[Event "*** Titled Tuesday Blitz"]
[Site "Chess.com"]
[Date "2018.07.03"]
[Round "5"]
[White "GameOverBro"]
[Black "Durarbayli"]
[Result "1/2-1/2"]
[WhiteElo "2443"]
[BlackElo "2656"]
[TimeControl "180+2"]
[EndTime "14:06:18 PDT"]
[Termination "Game drawn by agreement"]

1. e4 e5 2. Nf3 Nc6 3. Bb5 a6 4. Ba4 Nge7 5. O-O g6 6. d4 exd4 7. Nxd4 Bg7 8. Nxc6 Nxc6 9. Nc3 O-O 10. Nd5 b5 11.
Bb3 Na5 12. Bf4 d6 13. c3 Nxb3 14. axb3 Re8 15. Re1 Bb7 16. Qd2 c6 17. Nb4 a5 18.
Nc2 Be5 19. Rad1 Qb6 20. Bxe5 dxe5 21. Qe3 Qxe3 22. Nxe3 Bc8 23. Rd6 Ra6 24. f3 Be6 25. Nd5 Rea8 26. Nc7 Bxb3 27. Nxa8 Rxa8 28. Rxc6 Rd8 29.
Rc5 Rd2 30. Rxb5 a4 31. Rxe5 Rxb2 32. Ra5 Rc2 33. Ra1 Rxc3 34. Kf2 Kg7 35. h4 h5 36. Kg3 Rc2 37. R1xa4 Bxa4 38. Rxa4 Rb2 39. Ra7 Re2 40.
Re7 Kf6 41. Rd7 Ke6 42. Rd1 Kf6 43. Rf1 Ke5 44. Rf2 Re1 45. Rd2 Kf6 46. Rd6+ Ke7 47.
Rd5 Re2 48. Rd1 Kf6 49. Rf1 Ke6 50. Rf2 Re1 51. Kf4 Kf6 52. Rb2 Rh1 53. g3 Rf1 54. Rb7 Rf2 55. e5+ Ke6 56. Rb6+ Ke7 57. Rd6 Rf1 58.
Ra6 Kf8 59. Ra3 Kg7 60. Kg5 Re1 61. f4 Re4 62. g4 hxg4 63. Kxg4 Re1 64. Rg3 Rf1 65.
Rf3 Rg1+ 66. Rg3 Rf1 67. Re3 Rg1+ 68. Kf3 Kh6 69. Ra3 Kg7 70. Ra7 Kf8 71. Ra8+ Ke7 72.
Ra7+ Ke6 73. Ra6+ Ke7 74. Rf6 Ke8 75. f5 gxf5 76. Rxf5 Ke7 77. Kf4 Rf1+ 78. Kg5 Rg1+ 79. Kh6 Ke6 80. Rg5 Rh1 81. h5 f6 82. exf6 Kxf6 83.
Rg2 Kf7 84. Rf2+ Kg8 85. Rf5 Rg1 86. Rc5 Kh8 87. Rc8+ Rg8 88. Rc6 Ra8 89. Rg6 Rb8 1/2-1/2

[Event "*** Titled Tuesday Blitz"]
[Site "Chess.com"]
[Date "2018.07.03"]
[Round "5"]
[White "Spring199"]
[Black "dinesh501"]
[Result "1/2-1/2"]
[WhiteElo "2183"]
[BlackElo "2007"]
[TimeControl "180+2"]
[EndTime "14:06:30 PDT"]
[Termination "Game drawn by repetition"]

1. d4 Nf6 2. Nf3 e6 3. Bf4 b6 4.
Nbd2 Bb7 5. e3 Be7 6. Bd3 O-O 7. O-O c5 8. c3 d6 9. h3 Ba6 10. Bxa6 Nxa6 11. Qe2 Qc8 12. Rac1 Nc7 13. e4 a6 14. Bh2 Qb7 15. Rfe1 Rfe8 16. e5 dxe5 17. Bxe5 cxd4 18.
Nxd4 Rac8 19. N2f3 Ncd5 20. Bh2 b5 21. Ne5 Bf8 22.
Nd3 h6 23. Nb3 Qb6 24. Be5 a5 25. Bd4 Qc7 26. Be5 Qa7 27. Bd4 Qa8 28. Qf3 a4 29. Nd2 a3 30. c4 bxc4 31. Nxc4 axb2 32. Ndxb2 Nb4 33. Qxa8 Rxa8 34. a3 Nbd5 35. a4 Bb4 36. Red1 Nf4 37. Kf1 N6d5 38. Ra1 f6 39. a5 Ra6 40.
Nd3 Nxd3 41. Rxd3 Rea8 42. Rb3 e5 43. Be3 Bc3 44. Ra2 Bd4 45. Bxd4 exd4 46. Ke2 Nc3+ 47.
Rxc3 dxc3 48. Kd3 Rc6 49. Kxc3 Kf7 50. Kb4 Rb8+ 51. Nb6 Rc7 52. Kb5 Rc1 53. Ra4 Rb1+ 54. Kc6 g5 55. Kc7 Re8 56. a6 Re7+ 57. Nd7 Rc1+ 58.
Kb6 Rxd7 59. a7 Rb1+ 60. Kc6 Rxa7 61. Rxa7+ Kg6 62. Ra2 Rd1 63. Kc5 h5 64. Re2 h4 65.
Kc4 Kf5 66. Kc3 Kf4 67. Kc2 Rd6 68. Re3 f5 69. Rf3+ Ke4 70. Re3+ Kf4 71. Rf3+ Ke5 72. Re3+ Kf6 73. Rd3 Ra6 74. Kd2 g4 75. hxg4 fxg4 76. Ke3 Ke5 77. Rb3 Ra5 78. Rb8 Ra3+ 79.
Ke2 Ke4 80. Rb4+ Kf5 81. Rb5+ Kf4 82. Rb4+ Kf5 83. Rb5+ Kf4 84. Rb4+ Kg5 85. Rb5+ Kf6 86. Rb6+ Kf5 87. Rb5+ Kf4 88. Rb4+ Kf5 89. Rb5+ Kf4 90.
Rb4+ Kf5 91. Rb5+ 1/2-1/2

[Event "*** Titled Tuesday Blitz"]
[Site "Chess.com"]
[Date "2018.07.03"]
[Round "5"]
[White "26andrej26"]
[Black "2Tilted"]
[Result "1/2-1/2"]
[WhiteElo "2395"]
[BlackElo "2300"]
[TimeControl "180+2"]
[EndTime "14:07:12 PDT"]
[Termination "Game drawn by agreement"]

1. e4 c5 2. Nf3 e6 3. d4 cxd4 4. Nxd4 Nc6 5. Nc3 Qc7 6. Be3 a6 7. Qd2 Nf6 8. O-O-O Be7 9. f3 h5 10. Bd3 d6 11. h3 h4 12. f4 b5 13. e5 dxe5 14.
Nxc6 Qxc6 15. fxe5 b4 16. Ne2 Nd5 17. Rhf1 Bb7 18.
Bg5 Bc5 19. Kb1 a5 20. Be4 O-O 21. Bf3 a4 22. Nf4 b3 23. Nxd5 exd5 24. cxb3 axb3 25. a3 Bxa3 26. Bxd5 Qg6+ 27. Qd3 Qxg5 28. Bxb7 Rad8 29.
Qxb3 Rxd1+ 30. Rxd1 Be7 31. e6 Qf5+ 32. Rd3 Qxe6 33.
Qxe6 fxe6 34. Re3 Kf7 35. Bf3 Rb8 36. Kc2 Bf6 37. b3 e5 38. Bd5+ Ke7 39. Bc4 Kd6 40. Kd3 Kc5 41. Ke4 Rd8 42. Re2 Rd4+ 43. Kf5 Rf4+ 44.
Kg6 Kd4 45. Kh5 e4 46. Be6 e3 47. Bg4 Rf2 48. Kg6 Kd3 49. Re1 Rxg2 50. Rd1+ Kc2 51. Re1 Kd2 52. Rd1+ Kc3 53. Re1 Bd4 54. b4 Kxb4 55. Kf5 Kc3 56. Ke4 Rd2 57. Re2 g5 58. Bf3 Bb6 59. Bg4 Kc2 60. Re1 Kc3 61. Re2 Kc4 62. Kf5 Rd5+ 63. Ke4 Rd4+ 64. Kf5 Rd5+ 65. Ke4 Ra5 66. Re1 Kc3 67. Re2 Rc5 68. Kf3 Re5 69.
Re1 Kd2 70. Re2+ Kd3 71. Kg2 Re7 72. Re1 Rf7 73. Rd1+ Ke4 74. Rf1 Rf4 75. Rxf4+ gxf4 76. Bf3+ Kd3 77. Kf1 Kd2 78. Be2 Bd8 79. Bf3 Bg5 80. Be2 Bh6 81. Bf3 Kd3 82. Be2+ Ke4 83.
Kg2 Bg5 84. Bf3+ Kd3 85. Kf1 Kd2 86. Be2 Bf6 87. Bf3 Be5 88. Be2 Bd4 89. Bf3 Kd3 90. Be2+ Ke4 91. Kg2 f3+ 92. Bxf3+ Kf4 93. Be2 Ke4 94.
Bf3+ Kd3 95. Kf1 1/2-1/2

[Event "*** Titled Tuesday Blitz"]
[Site "Chess.com"]
[Date "2018.07.03"]
[Round "5"]
[White "BlackBoarder"]
[Black "colegiodemadrid"]
[Result "1/2-1/2"]
[WhiteElo "2246"]
[BlackElo "2221"]
[TimeControl "180+2"]
[EndTime "14:07:29 PDT"]
[Termination "Game drawn by agreement"]

1. e4 e5 2. Nf3 Nc6 3. Nc3 Nf6 4. Bb5 Nd4 5. Bc4 Nxf3+ 6. Qxf3 c6 7. d3 d6 8. Bg5 Be7 9. h3 h6 10. Bxf6 Bxf6 11.
O-O O-O 12. Qg3 Bh4 13. Qf3 Bg5 14. g3 Bxh3 15. Rfb1 Qd7 16. a4 Kh8 17. b4 f5 18.
Qh1 f4 19. Ne2 fxg3 20. Nxg3 Rf3 21. Qxf3 Bg4 22. Qg2 Bh3 23. Qh2 Rf8 24. Kh1 d5 25. exd5 cxd5 26. Bb3 Bg4 27. Kg1 Rf3 28. c4 Rxd3 29. Bd1 Be6 30. Be2 Rd2 31. cxd5 Bxd5 32. Rd1 Qe6 33. Rxd2 Bxd2 34. b5 Bf4 35. Qh5 b6 36.
Bf3 Bc4 37. Kg2 Bd3 38. Rd1 e4 39. Bg4 Qg8 40. Qf5 Bxg3 41. fxg3 Qa2+ 42. Qf2 Qa3 43.
Kh3 Qe7 44. Kg2 e3 45. Qe1 Bc4 46. Bf3 Qe5 47. Rd8+ Kh7 48. Qb1+ g6 49. Rd7+ Kh8 50. Qxg6 Qb2+ 51. Kh3 Bf1+ 52. Kg4 Qb4+ 53. Kh5 Qc5+ 54.
Bd5 Be2+ 55. g4 Bxg4+ 56. Kxg4 Qd4+ 57. Be4 Qxd7+ 58. Bf5 Qg7 59. Qxg7+ Kxg7 60. Kf3 Kf6 61. Bc8 Ke5 62. Kxe3 Kd5 63. Kd3 Kc5 64. Kc3 h5 65. Bh3 h4 66. Bg4 Kd5 67. Kb4 Kd4 68. a5 Kd5 69. axb6 axb6 70. Bh3 Kd4 71. Bg2 Kd3 72. Kb3 Kd4 73. Kb4 Kd3 74. Bf1+ Kd4 75. Kb3 Kc5 76. Ka4 Kd5 77. Kb4 Kd4 78. Bh3 Kd3 79. Be6 Kd4 80. Kb3 Ke5 81. Bc8 Kd4 82.
Kb4 Kd5 83. Bb7+ Kd4 84. Bg2 Kd3 85. Bf1+ Kd4 86. Bg2 Kd3 87. Kb3 Kd4 88. Kc2 Kc5 89.
Bf1 Kb4 90. Kd2 h3 91. Bxh3 Kxb5 92. Kc3 1/2-1/2

[Event "*** Titled Tuesday Blitz"]
[Site "Chess.com"]
[Date "2018.07.03"]
[Round "5"]
[White "kungmongmanh"]
[Black "Dr_Mortimer"]
[Result "0-1"]
[WhiteElo "2492"]
[BlackElo "2809"]
[TimeControl "180+2"]
[EndTime "14:08:12 PDT"]
[Termination "Dr_Mortimer won by resignation"]

1. d4 Nf6 2. c4 c5 3. d5 e6 4. Nc3 exd5 5. cxd5 d6 6. a4 g6 7. Nf3 Bg7 8. Nd2 O-O 9. Nc4 Ne8 10. Bf4 g5 11. Bd2 Nd7 12. h4 g4 13. Bf4 Qe7 14.
e3 f5 15. Nb5 Ne5 16. Qc2 a6 17. Nc3 Rb8 18. a5 Ng6 19. Bg5 Bf6 20. Bxf6 Nxf6 21. g3 Bd7 22. Bg2 Nh5 23. O-O Bb5 24. Nxb5 axb5 25. Nd2 b4 26. Nc4 Ra8 27. b3 Ne5 28. Nxe5 Qxe5 29. Ra2 Nf6 30. Qc4 Ra6 31. Rd1 Rf7 32.
Kf1 Kg7 33. Kg1 Nd7 34. Qb5 Nf6 35. Qc4 h6 36. Kf1 Qe7 37. Kg1 Nd7 38. Qc2 Ne5 39.
Qb2 Kg8 40. Qc2 Qf6 41. Qe2 Kg7 42. Rda1 Rc7 43. Rc1 Qf7 44. Qb2 Kg8 45. Qe2 Rc8 46. Ra4 Rca8 47. Rca1 Qd7 48. Kh1 Rf8 49. Kg1 Rf6 50.
R4a2 Kg7 51. Rc1 Qe7 52. Rca1 Ng6 53. Qb5 h5 54. Rc1 Ne5 55. Qe2 Nf7 56. Qb5 Ra8 57. Rca1 Ra6 58. Rc1 Kh6 59. Rca1 Ne5 60. Rc1 Qd7 61.
Qe2 Qc7 62. Rca1 Rf8 63. Kh1 Ng6 64. Qb5 Rfa8 65. Bf1 Ne5 66. Bg2 Kg7 67. Kg1 Qd7 68. Qe2 Qd8 69. Qb5 Qc7 70. Kh1 Qd7 71. Qe2 Qd8 72.
Qb5 b6 73. Bf1 Rxa5 74. Rxa5 Rxa5 75. Rxa5 bxa5 76. Qb7+ Kg6 77. Qa7 Qg8 78. Bg2 Qd8 79.
Bf1 c4 80. bxc4 b3 81. c5 dxc5 82. Qa6+ Kg7 83. Qb7+ Nf7 84. Qxb3 Qd6 85. Qc3+ Qe5 86. Qxa5 Qxd5+ 87. Bg2 Qe5 88. Qa7 Kf6 89. Qb6+ Qd6 90. Qb2+ Ne5 91. Qb7 c4 92. Qb2 Qc5 93. Qc3 Ke6 94.
Bf1 Kd6 95. Qd2+ Qd5+ 96. Qxd5+ Kxd5 97. Bg2+ Kc5 98. Kg1 c3 99. Bf1 c2 0-1

[Event "*** Titled Tuesday Blitz"]
[Site "Chess.com"]
[Date "2018.07.03"]
[Round "6"]
[White "Paralinch"]
[Black "MITerryble"]
[Result "1/2-1/2"]
[WhiteElo "2799"]
[BlackElo "2714"]
[TimeControl "180+2"]
[EndTime "14:10:11 PDT"]
[Termination "Game drawn by agreement"]

1. e4 e6 2. d4 d5 3. exd5 exd5 4.
Nf3 c6 5. Bd3 Bd6 6. O-O Ne7 7. h3 O-O 8. Nc3 Bf5 9. Ne2 Bxd3 10. Qxd3 Nd7 11. Bf4 Qc7 12. Bxd6 Qxd6 13. Ng3 Rfe8 14. Rfe1 Ng6 15. c3 Nf6 1/2-1/2

[Event "*** Titled Tuesday Blitz"]
[Site "Chess.com"]
[Date "2018.07.03"]
[Round "6"]
[White "joppie2"]
[Black "plouarzel"]
[Result "1-0"]
[WhiteElo "2722"]
[BlackElo "2480"]
[TimeControl "180+2"]
[EndTime "14:11:43 PDT"]
[Termination "joppie2 won by resignation"]

1. d4 d6 2. e4 Nf6 3. Nc3 e5 4. Nf3 Nbd7 5. Bc4 Be7 6. a4 O-O 7. O-O a5 8. h3 c6 9. Re1 Nb6 10. Ba2 Nfd7 11. Be3 exd4 12. Nxd4 Nc5 13. Qh5 Nbxa4 14.
Nxa4 Nxa4 15. Nf3 b5 16. Ng5 Bxg5 17. Bxg5 Qc7 18. Re3 Kh8 19. Bf4 Be6 20. Rg3 Bxa2 21. Rxg7 Kxg7 22. Qg5+ Kh8 23. Qf6+ Kg8 24. Bh6 1-0

[Event "*** Titled Tuesday Blitz"]
[Site "Chess.com"]
[Date "2018.07.03"]
[Round "6"]
[White "Gvalch"]
[Black "GM_Huschenbeth"]
[Result "0-1"]
[WhiteElo "2611"]
[BlackElo "2498"]
[TimeControl "180+2"]
[EndTime "14:11:45 PDT"]
[Termination "GM_Huschenbeth won by resignation"]

1. d4 Nf6 2. c4 e6 3. g3 c5 4.
d5 exd5 5. cxd5 d6 6. Nc3 g6 7.
Bg2 Bg7 8. Nf3 O-O 9. O-O Re8 10. Bf4 Ne4 11. Nxe4 Rxe4 12. Nd2 Rxf4 13. gxf4 Bxb2 14.
Rb1 Bg7 15. Qb3 b6 16. e4 Bh6 17. Qg3 Qf6 18. e5 Qxf4 19. Qxf4 Bxf4 20. Ne4 Bxe5 21.
f4 Bd4+ 22. Kh1 Bf5 23. Rbe1 Bxe4 24. Re3 Bxg2+ 25. Kxg2 Bxe3 0-1

[Event "*** Titled Tuesday Blitz"]
[Site "Chess.com"]
[Date "2018.07.03"]
[Round "6"]
[White "MatthewG-p4p"]
[Black "NguyenDucHoa"]
[Result "0-1"]
[WhiteElo "2663"]
[BlackElo "2518"]
[TimeControl "180+2"]
[EndTime "14:12:04 PDT"]
[Termination "NguyenDucHoa won by resignation"]

1. c4 Nf6 2. Nc3 g6 3. g3 Bg7 4.
Bg2 O-O 5. e3 c6 6. Nge2 d5 7.
b3 Bf5 8. cxd5 cxd5 9. O-O Nc6 10.
Ba3 Re8 11. d3 Qa5 12. Bb2 Qa6 13. Nxd5 Nxd5 14. Bxg7 Kxg7 15. Bxd5 Bxd3 16. Re1 Rad8 17. Bxc6 Qxc6 18. Nd4 Qa6 19. Qd2 e5 20. Nf3 Be4 0-1

[Event "*** Titled Tuesday Blitz"]
[Site "Chess.com"]
[Date "2018.07.03"]
[Round "6"]
[White "stolencandy13"]
[Black "Aklanion"]
[Result "1-0"]
[WhiteElo "2312"]
[BlackElo "2044"]
[TimeControl "180+2"]
[EndTime "14:12:30 PDT"]
[Termination "stolencandy13 won by resignation"]

1. e4 c5 2. Nf3 e6 3. d4 cxd4 4. Nxd4 Nc6 5. c4 Qc7 6. Nb5 Qb8 7. Be2 a6 8. N5c3 Nf6 9. O-O b6 10. Be3 d6 11. Nd2 Ne5 12. f4 Ned7 13. b4 Be7 14.
a3 O-O 15. Qe1 Re8 16. Qf2 Bb7 17. Bf3 Bd8 18. Rab1 Bc7 19. Rfc1 Qd8 20. Nb3 Rc8 21. Rd1 Ba8 22. c5 bxc5 23. bxc5 dxc5 24. Nxc5 Qe7 25. e5 Nxc5 26. Bxc5 Bb6 27. Bxb6 Rxc3 28. exf6 1-0

[Event "*** Titled Tuesday Blitz"]
[Site "Chess.com"]
[Date "2018.07.03"]
[Round "6"]
[White "FairChess_on_YouTube"]
[Black "Kaphrep"]
[Result "1-0"]
[WhiteElo "2919"]
[BlackElo "2667"]
[TimeControl "180+2"]
[EndTime "14:12:41 PDT"]
[Termination "FairChess_on_YouTube won by resignation"]

1. d4 g6 2. e4 Bg7 3. Nf3 c6 4.
Bd3 d5 5. c3 Nh6 6. Nbd2 O-O 7.
O-O f6 8. Re1 Nf7 9. Nf1 b6 10.
Ng3 Na6 11. h4 Nc7 12. h5 g5 13. Qc2 h6 14. Nf5 Bh8 15. exd5 Nxd5 16. c4 e6 17.
Nxh6+ Nxh6 18. Bh7+ Kf7 19. cxd5 1-0

[Event "*** Titled Tuesday Blitz"]
[Site "Chess.com"]
[Date "2018.07.03"]
[Round "6"]
[White "ChessMavenYeti"]
[Black "DiamondCrusher22"]
[Result "1-0"]
[WhiteElo "2205"]
[BlackElo "1952"]
[TimeControl "180+2"]
[EndTime "14:12:54 PDT"]
[Termination "ChessMavenYeti won by checkmate"]

1. d4 d5 2. c4 c6 3. e3 Nf6 4. Nc3 e6 5. Nf3 a6 6. b3 Nbd7 7. Bb2 b6 8. Bd3 Bb7 9. O-O Bd6 10. Ne2 c5 11. Ne5 Qb8 12. f4 Bxe5 13. fxe5 Ne4 14. Ng3 dxc4 15. Bxe4 b5 16. Qf3 Bxe4 17.
Qxf7+ Kd8 18. Nxe4 Qb7 19. Nd6 Qd5 20. Qxg7 Kc7 21.
Rf7 Rhg8 22. Rxd7+ Kc6 23. Rc7+ Kb6 24. Rb7+ Ka5 25.
Bc3+ b4 26. Qc7# 1-0

[Event "*** Titled Tuesday Blitz"]
[Site "Chess.com"]
[Date "2018.07.03"]
[Round "6"]
[White "Mikhail_Antipov"]
[Black "gmcorrales"]
[Result "0-1"]
[WhiteElo "2816"]
[BlackElo "2675"]
[TimeControl "180+2"]
[EndTime "14:13:02 PDT"]
[Termination "gmcorrales won by resignation"]

1. e4 c5 2. Nf3 d5 3. exd5 Qxd5 4. d4 cxd4 5. Qxd4 Nf6 6. Nc3 Qxd4 7. Nxd4 a6 8. Bf4 Nbd7 9. O-O-O e6 10. a4 Bb4 11.
Bc4 O-O 12. Rd3 e5 13. Nf5 exf4 0-1

[Event "*** Titled Tuesday Blitz"]
[Site "Chess.com"]
[Date "2018.07.03"]
[Round "6"]
[White "jacky72"]
[Black "NateSolon"]
[Result "1-0"]
[WhiteElo "2611"]
[BlackElo "2397"]
[TimeControl "180+2"]
[EndTime "14:13:17 PDT"]
[Termination "jacky72 won by resignation"]

1. e4 e5 2. Nf3 d6 3. Bc4 Be7 4. O-O Nf6 5. Nc3 Nc6 6. d4 Bg4 7. dxe5 dxe5 8. Be2 Qxd1 9. Bxd1 Bxf3 10. Bxf3 Nd4 11.
Bd1 O-O-O 12. f3 c6 13. Ne2 Bc5 14. Nxd4 Bxd4+ 15. Kh1 Nd7 16. c3 Bb6 17. Bb3 f6 18. Be6 Kb8 19. b4 Rhe8 20. Bb3 a5 21. a3 Nf8 22. Ra2 Rd3 23. Bc2 Rd6 24. c4 c5 25.
Be3 Ne6 26. Ba4 Red8 27. bxa5 Bxa5 28. Rb2 Rd3 29. Bg1 Rxa3 30. Bc6 Bb4 31. Bd5 Nd4 32. f4 exf4 33. Bxd4 1-0

[Event "*** Titled Tuesday Blitz"]
[Site "Chess.com"]
[Date "2018.07.03"]
[Round "6"]
[White "Arman_Hakemi"]
[Black "joejan"]
[Result "1-0"]
[WhiteElo "2302"]
[BlackElo "2251"]
[TimeControl "180+2"]
[EndTime "14:13:19 PDT"]
[Termination "Arman_Hakemi won by resignation"]

1. Nf3 d5 2. g3 Bf5 3. Bg2 e6 4. O-O c6 5. c4 Nf6 6. d3 Be7 7. Qb3 Qb6 8. Be3 Qxb3 9. axb3 Nbd7 10. h3 h6 11. Rxa7 Rxa7 12. Bxa7 b6 13. Nd4 c5 14.
Nxf5 exf5 15. cxd5 Kd8 16. Nc3 Kc7 17. Nb5+ Kc8 18.
Ra1 Re8 19. Ra6 Bf8 20. Kf1 Kb7 21. Ra4 Rd8 22. d6+ Kc8 23. Ra6 Ne8 24. Bxb6 Nxb6 25. Rxb6 Nxd6 26. Rc6+ Kd7 27. Rxc5 Rb8 28. Nxd6 Bxd6 29.
Rxf5 Rxb3 30. Rxf7+ Ke6 31. Rxg7 Rxb2 32. Bf3 1-0

[Event "*** Titled Tuesday Blitz"]
[Site "Chess.com"]
[Date "2018.07.03"]
[Round "6"]
[White "Drags95"]
[Black "WPWPWP-2015"]
[Result "1-0"]
[WhiteElo "2604"]
[BlackElo "2398"]
[TimeControl "180+2"]
[EndTime "14:13:22 PDT"]
[Termination "Drags95 won by resignation"]

1. d4 Nf6 2. Nf3 d5 3. c4 c6 4. Nc3 e6 5. cxd5 exd5 6. Bg5 Be7 7. e3 Bf5 8. Bd3 Bxd3 9. Qxd3 O-O 10. O-O Nbd7 11. Rab1 a5 12. a3 Re8 13. Rfc1 Nf8 14.
Bxf6 Bxf6 15. b4 axb4 16. axb4 Ne6 17. b5 Rc8 18. Na4 Qd6 19. Nc5 Nxc5 20. Rxc5 Qd7 21. bxc6 bxc6 22. g3 g6 23. Kg2 h5 24. h4 Re6 25.
Qb3 Kg7 26. Qb7 Rc7 27. Qa8 Re8 28. Rb8 Rxb8 29. Qxb8 Rc8 30. Qf4 Qe6 31. Ng5 Bxg5 32. hxg5 Rb8 33. Qxb8 1-0

[Event "*** Titled Tuesday Blitz"]
[Site "Chess.com"]
[Date "2018.07.03"]
[Round "6"]
[White "VladimirBelous"]
[Black "olksuna"]
[Result "1-0"]
[WhiteElo "2666"]
[BlackElo "2472"]
[TimeControl "180+2"]
[EndTime "14:13:35 PDT"]
[Termination "VladimirBelous won by resignation"]

1. c4 e5 2. Nc3 Bb4 3. Nf3 Bxc3 4. dxc3 d6 5. c5 Nf6 6. cxd6 cxd6 7. Bg5 O-O 8. e3 h6 9. Bh4 Nc6 10. Bc4 Be6 11. Bxe6 fxe6 12. O-O Qe7 13. Nd2 Rad8 14. Ne4 g5 15. Nxf6+ Qxf6 16. Bg3 Ne7 17. Qb3 Rd7 18. Qa4 Nc6 19. Rad1 d5 20. h4 Kg7 21. hxg5 hxg5 22.
b4 a6 23. e4 d4 24. cxd4 exd4 25. f4 gxf4 26. Rxf4 Qg6 27. Rdf1 Rxf4 28. Bxf4 Qxe4 29. Qd1 e5 30. Qg4+ Kh8 31. Bxe5+ Nxe5 32. Rf8+ Kh7 33. Qxe4+ 1-0

[Event "*** Titled Tuesday Blitz"]
[Site "Chess.com"]
[Date "2018.07.03"]
[Round "6"]
[White "Zaven_ChessMood"]
[Black "djogrodek1"]
[Result "1-0"]
[WhiteElo "2881"]
[BlackElo "2503"]
[TimeControl "180+2"]
[EndTime "14:13:36 PDT"]
[Termination "Zaven_ChessMood won by resignation"]

1. e4 c6 2. d3 d5 3. Nd2 e5 4.
Ngf3 Bd6 5. g3 Nf6 6. Bg2 O-O 7.
O-O Nbd7 8. Re1 Qc7 9. Nh4 Re8 10. h3 g6 11. Nf1 dxe4 12. dxe4 Nc5 13. Bg5 Nfd7 14.
Ne3 Bf8 15. Ng4 Ne6 16. Bh6 Bxh6 17. Nxh6+ Kg7 18. Qd2 Ndc5 19. Rad1 Rd8 20. Qe3 Rxd1 21. Rxd1 Bd7 22. b4 Na6 23. Ng4 g5 24. Nf5+ Kh8 25.
Qc3 f6 26. Nxf6 Be8 27. Nd6 Bg6 28. Qxe5 Qg7 29. Qxe6 1-0

[Event "*** Titled Tuesday Blitz"]
[Site "Chess.com"]
[Date "2018.07.03"]
[Round "6"]
[White "Joel1285"]
[Black "Bauxi435"]
[Result "0-1"]
[WhiteElo "1766"]
[BlackElo "2424"]
[TimeControl "180+2"]
[EndTime "14:13:37 PDT"]
[Termination "Bauxi435 won by resignation"]

1. d4 Nf6 2. c4 e6 3. Nf3 d5 4. Nc3 dxc4 5. e4 Bb4 6. Bg5 b5 7. e5 h6 8. Bh4 g5 9. Nxg5 hxg5 10. Bxg5 Nbd7 11. exf6 Bb7 12. a3 Bxc3+ 13. bxc3 Nb6 14. h4 Qd5 15. Rh3 O-O-O 16. Rg3 Qf5 17. Qb1 Be4 18. Qc1 e5 19. Qe3 Nd5 20. Qd2 Rhe8 0-1

[Event "*** Titled Tuesday Blitz"]
[Site "Chess.com"]
[Date "2018.07.03"]
[Round "6"]
[White "Saitama_Hero"]
[Black "kungmongmanh"]
[Result "1-0"]
[WhiteElo "2348"]
[BlackElo "2481"]
[TimeControl "180+2"]
[EndTime "14:13:54 PDT"]
[Termination "Saitama_Hero won by checkmate"]

1. d4 Nf6 2. c4 e6 3. Nc3 Bb4 4. f3 c5 5. a3 Bxc3+ 6. bxc3 d6 7. e4 Qc7 8. d5 e5 9. Bd3 h6 10. Ne2 Nbd7 11. O-O O-O 12. Be3 Re8 13. Kh1 b6 14.
Qd2 Nf8 15. Ng3 Ng6 16. Nf5 Ba6 17. Bxh6 Nh5 18. Qg5 Nhf4 19. Bxg7 Nxd3 20. Bf6 Nf4 21. Qh6 Ne6 22. dxe6 fxe6 23. Qxg6+ Kf8 24. Bg7+ Kg8 25. Nh6# 1-0

[Event "*** Titled Tuesday Blitz"]
[Site "Chess.com"]
[Date "2018.07.03"]
[Round "6"]
[White "Yurovskykh_Oleksandr"]
[Black "Nathan_Filgueiras"]
[Result "1-0"]
[WhiteElo "2407"]
[BlackElo "2153"]
[TimeControl "180+2"]
[EndTime "14:14:25 PDT"]
[Termination "Yurovskykh_Oleksandr won by resignation"]

1. e4 c5 2. Nf3 Nc6 3. Bb5 e5 4. O-O Bd6 5. c3 Nge7 6. d4 cxd4 7. cxd4 exd4 8. Nxd4 O-O 9. Nc3 a6 10. Ba4 Be5 11. Be3 d6 12. Rc1 Nxd4 13. Bxd4 Be6 14. Qd3 b5 15. Bb3 Bxb3 16. axb3 Nc6 17. Be3 Nb4 18. Qd2 Qe7 19. Rfd1 Rfc8 20. f3 Nc6 21. Nd5 Qd8 22. Bg5 f6 23. Be3 f5 24. exf5 Rab8 25. Bg5 Qf8 26. Rxc6 Rxc6 27. Ne7+ Kh8 28. Nxc6 Rc8 1-0

[Event "*** Titled Tuesday Blitz"]
[Site "Chess.com"]
[Date "2018.07.03"]
[Round "6"]
[White "dinesh501"]
[Black "abhijeetgupta1016"]
[Result "0-1"]
[WhiteElo "2003"]
[BlackElo "2795"]
[TimeControl "180+2"]
[EndTime "14:14:37 PDT"]
[Termination "abhijeetgupta1016 won by checkmate"]

1. d4 Nf6 2. Nf3 g6 3. c4 Bg7 4. Nc3 d5 5. Qb3 dxc4 6. Qxc4 Be6 7. Qb5+ Nc6 8. Qxb7 Bd7 9. Qb3 Rb8 10. Qd1 Bf5 11. a3 e5 12. e3 exd4 13. exd4 O-O 14. Be2 Ne4 15. O-O Nxd4 16. Nxd4 Bxd4 17. Nxe4 Bxe4 18.
Bf3 Bf5 19. h3 c5 20. Qa4 Re8 21. Qxa7 Bd3 22. Rd1 c4 23. Qa4 Qh4 24. Be3 Rxe3 25. fxe3 Bxe3+ 26. Kh1 Qg3 27. Bd5 Bf4 28. Kg1 Qe3+ 29.
Kh1 Qg3 30. Kg1 Qh2+ 31. Kf2 Rxb2+ 32. Kf3 Qg3# 0-1

[Event "*** Titled Tuesday Blitz"]
[Site "Chess.com"]
[Date "2018.07.03"]
[Round "6"]
[White "sergeikim"]
[Black "josiwales"]
[Result "0-1"]
[WhiteElo "2412"]
[BlackElo "2503"]
[TimeControl "180+2"]
[EndTime "14:14:37 PDT"]
[Termination "josiwales won by resignation"]

1. d4 d5 2. c4 c6 3. Nf3 Nf6 4. Qc2 g6 5. e3 Bf5 6. Bd3 Ne4 7. Nbd2 Nd6 8. O-O Bg7 9. b3 O-O 10. Bb2 Nd7 11. c5 Bxd3 12. Qxd3 Nf5 13. b4 Re8 14. Rad1 e5 15. dxe5 Nxe5 16. Nxe5 Bxe5 17. Bxe5 Rxe5 18. Nf3 Re4 19. a3 Qe7 20. h3 Re8 21. Qb3 h5 22.
Nd4 Nxd4 23. Rxd4 Rxd4 24. exd4 Qf6 25. Qd3 Re4 26. Rd1 Qf4 27. b5 cxb5 28. g3 Qf6 29. Kg2 a6 30. Rd2 h4 31. g4 Qf4 32. Rd1 Kh7 33. Rd2 f5 34. gxf5 gxf5 35. Re2 Rxe2 36. Qxe2 Qe4+ 37. Qf3 Kg6 0-1

[Event "*** Titled Tuesday Blitz"]
[Site "Chess.com"]
[Date "2018.07.03"]
[Round "6"]
[White "djano"]
[Black "rasmussvane"]
[Result "0-1"]
[WhiteElo "2395"]
[BlackElo "2585"]
[TimeControl "180+2"]
[EndTime "14:14:40 PDT"]
[Termination "rasmussvane won by resignation"]

1. d4 Nf6 2. Bg5 d5 3. e3 c5 4. Bxf6 gxf6 5. c3 e5 6. dxc5 Bxc5 7. Nd2 Nc6 8. Bd3 Be6 9. Qh5 Qd7 10. h3 O-O-O 11. Ne2 Kb8 12. b4 Bd6 13. O-O Rdg8 14. Ng3 e4 15. Bb5 Bxg3 16. fxg3 Rxg3 17. Kh2 Qd6 18.
Kh1 Rhg8 19. Rf2 Rxe3 20. Qxh7 Reg3 21. Rd1 Qe5 22. Bxc6 bxc6 23. Nb3 e3 24. Re2 Bxh3 25. gxh3 Qg5 26. Qxg8+ Qxg8 27. Kh2 Qg5 28. Rf1 Qh4 0-1

[Event "*** Titled Tuesday Blitz"]
[Site "Chess.com"]
[Date "2018.07.03"]
[Round "6"]
[White "nitpicker"]
[Black "racquetball1"]
[Result "1-0"]
[WhiteElo "2104"]
[BlackElo "2035"]
[TimeControl "180+2"]
[EndTime "14:14:40 PDT"]
[Termination "nitpicker won by resignation"]

1. d4 Nf6 2. Nf3 g6 3. b4 Bg7 4. Nbd2 O-O 5. e4 d6 6. h3 c5 7. c3 cxb4 8. cxb4 Qb6 9. Qb3 Nc6 10. d5 Nd4 11. Nxd4 Qxd4 12. Bb2 Qb6 13. Bd3 a5 14. b5 e6 15. Nc4 Qc5 16. Rc1 exd5 17. Ne3 Qb4+ 18.
Qxb4 axb4 19. Bxf6 Bxf6 20. Nxd5 Bd4 21. O-O Rxa2 22.
Ne7+ Kg7 23. Nxc8 1-0

[Event "*** Titled Tuesday Blitz"]
[Site "Chess.com"]
[Date "2018.07.03"]
[Round "6"]
[White "Hrant_ChessMood"]
[Black "Margency"]
[Result "1-0"]
[WhiteElo "2898"]
[BlackElo "2657"]
[TimeControl "180+2"]
[EndTime "14:14:41 PDT"]
[Termination "Hrant_ChessMood won by resignation"]

1. d4 Nf6 2. Nf3 g6 3. Nc3 d5 4. Bf4 Bg7 5. Nb5 Na6 6. e3 O-O 7. h3 Bf5 8. Be2 c5 9. c3 Ne4 10. O-O h6 11. a4 g5 12. Bh2 Bh7 13. Nd2 Re8 14. Nxe4 Bxe4 15. Bd3 Bxd3 16. Qxd3 Qd7 17.
Rfd1 c4 18. Qc2 Rec8 19. e4 dxe4 20. Qxe4 Nb8 21. d5 Na6 22. d6 e5 23. Rd5 f5 24.
Qe2 f4 25. Rad1 Re8 26. f3 Rec8 27. Kh1 Kh8 28. Bg1 b6 29. Re1 Rc6 30. Rxe5 Bxe5 31. Qxe5+ Qg7 32. Qd5 Qd7 33. Bd4+ 1-0